 Dungeon Crawl Stone Soup version 0.27-a0-869-g165b36e3f0 (webtiles) character file.

Game seed: 15931811247833493761

107 polve the Chopper (level 4, -2/58 HPs)
             Began as a Hill Orc Berserker on Apr 2, 2021.
             Was a Believer of Trog.
             Shot with an arrow by a centaur (9 damage)
             ... on level 3 of the Dungeon.
             The game lasted 00:01:22 (2113 turns).

polve the Chopper (Hill Orc Berserker)              Turns: 2113, Time: 00:01:22

Health: -2/58      AC:  9    Str: 19    XL:     4   Next: 86%
Magic:  4/4        EV:  7    Int:  7    God:    Trog [**....]
Gold:   92         SH:  0    Dex: 11    Spells: 3/3 levels left

rFire    . . .     SeeInvis .   a - +0 hand axe
rCold    . . .     Faith    .   (no shield)
rNeg     . . .     Spirit   .   k - +0 chain mail
rPois    .         Reflect  .   (no helmet)
rElec    .         Harm     .   h - +0 cloak
rCorr    .         Rampage  .   (no gloves)
Will     .....                  (no boots)
Stlth    ..........             (no amulet)
HPRegen  0.19/turn              (no ring)
MPRegen  0.09/turn              (no ring)

@: berserking (expiring), very quick
A: no striking features
a: Renounce Religion, Berserk, Trog's Hand


You were on level 3 of the Dungeon.
You worshipped Trog.
Trog was pleased with you.
You visited 1 branch of the dungeon, and saw 3 of its levels.

You collected 92 gold pieces.

Inventory:

Hand Weapons
 a - a +0 hand axe (weapon)
Armour
 b - a +0 animal skin
 h - a +0 cloak (worn)
 k - a +0 chain mail (worn)
Jewellery
 c - a ring of see invisible
Scrolls
 e - a scroll of amnesia {unknown}
 f - 2 scrolls of teleportation {unknown}
 i - a scroll of fog {unknown}
 l - a scroll of blinking {unknown}
 m - a scroll of identify {unknown}
Potions
 d - a potion of curing {unknown}
 g - a potion of degeneration {unknown}
 j - a potion of invisibility {unknown}
 n - a potion of mutation {unknown}
 o - a potion of brilliance {unknown}


   Skills:
 - Level 3.6 Fighting
 + Level 7.2 Axes
 - Level 2.1 Armour
 - Level 1.5 Dodging


You had 3 spell levels left.
You didn't know any spells.
Your spell library was empty.

Dungeon Overview and Level Annotations

Branches:
Dungeon (3/15)

Altars:
Xom


Message History

The gnoll shouts!
A centaur comes into view.
The gnoll hits you but does no damage.
The centaur wields a +0 shortbow.
The centaur shoots an arrow.
The arrow hits you!
A dart slug comes into view.
You are too injured to fight recklessly!
You are too injured to fight recklessly!
You are too injured to fight recklessly!
A red film seems to cover your vision as you go berserk!
You feel yourself moving faster!
You feel mighty!
The gnoll hits you from afar with a +4 halberd!
The gnoll hits you but does no damage.
The centaur shoots an arrow.
The arrow hits you.
You slash the gnoll!
You kill the gnoll!
Trog accepts your kill. The gnoll hits you but does no damage.
The centaur shoots an arrow.
The arrow hits you.
The gnoll hits you from afar with a +4 halberd.
Your Axes skill increases to level 7!
The centaur shoots an arrow.
The arrow hits you.
The gnoll hits you but does no damage. x2
Things that are here:
a +1 whip; 2 throwing nets You hit the gnoll.
The gnoll is moderately wounded.
The centaur shoots an arrow.
The arrow barely misses you.
You hit the gnoll.
The gnoll is heavily wounded.
The centaur shoots an arrow.
The arrow barely misses you. The gnoll hits you but does no damage.
The gnoll hits you with a +4 halberd.
You hit the gnoll.
You kill the gnoll!
Trog accepts your kill.
The centaur shoots an arrow.
The arrow hits you!
* * * LOW HITPOINT WARNING * * *
The gnoll hits you from afar with a +0 spear.
* * * LOW HITPOINT WARNING * * *
The centaur shoots an arrow.
The arrow hits you!
You die...

#...)........#
#.........##.#
##.......###.#
##.....## #.#
......## #.#
........# #.#
.##.##..g###.#
#.#.#.#.##.#
#.....@)...#
###.#.#.####
#...## ..wc#
###.. #.. ...
.#.#


You could see a centaur and a dart slug.

Vanquished Creatures
  2 gnolls (D:3)
  5 adders
  A worm (D:2)
  2 dart slugs (D:1)
  An endoplasm (D:2)
  A giant cockroach (D:1)
  3 goblins
  4 hobgoblins (D:1)
  3 jackals (D:2)
  A quokka (D:1)
  3 ball pythons
  7 bats
  3 frilled lizards
  2 kobolds
  3 rats
41 creatures vanquished.

Notes
Turn   | Place    | Note
-------+----------+-------------------------------------------
     0 | D:1      | polve the Hill Orc Berserker began the quest for the Orb.
     0 | D:1      | Reached XP level 1. HP: 19/19 MP: 1/1
   208 | D:1      | Reached XP level 2. HP: 26/26 MP: 2/2
   339 | D:1      | Reached skill level 5 in Axes
   862 | D:1      | Reached XP level 3. HP: 30/31 MP: 3/3
  1369 | D:2      | Reached skill level 6 in Axes
  1373 | D:2      | Reached ** piety under Trog
  1561 | D:2      | Reached XP level 4. HP: 39/39 MP: 4/4
  1610 | D:2      | Found a shimmering altar of Xom.
  2105 | D:3      | Noticed a centaur
  2109 | D:3      | Reached skill level 7 in Axes
  2113 | D:3      | Shot with an arrow by a centaur

Illustrated notes

Levels and vault maps discovered:
D:1:      minmay_arrival_split_and_join, layout_basic, fountainhead
D:2:      cheibrodos_helix_gallery, layout_basic, basic_altar,
          minmay_misc_feat_columns, dk_vineyard_2
D:3:      layout_loops_ring, basic_ecumenical_altar

Skill      XL: |  1  2  3  4 |
---------------+-------------+-----
Axes           | 5 6 7 |  7.2
Fighting       | |  3.6
Armour         | |  2.1
Dodging        | |  1.5

Action                   |  1- 3 |  4- 6 || total
-------------------------+-------+-------++-------
Melee: Hand axe          |    86 |    26 ||   112
Invok: Berserk           |     3 |     2 ||     5
 Stab: Sleeping          |     1 |       ||     1
Armor: Animal skin       |    15 |     5 ||    20
       Chain mail        |       |    15 ||    15
Dodge: Dodged            |    56 |    15 ||    71

Table legend: (Time is in decaauts)
 A = Elapsed time spent in this place.
 B = Non-inter-level travel time spent in this place.
 C = Inter-level travel time spent in this place.
 D = Time resting spent in this place.
 E = Time spent auto-exploring this place.
 F = Levels seen in this place.
 G = Mean time per level.
                   A        B        C        D        E       F      G
               +--------+--------+--------+--------+--------+-----+--------+
         Total |   2146 |   2103 |     43 |     96 |   1737 |   3 |  715.3 |
       Dungeon |   2146 |   2103 |     43 |     96 |   1737 |   3 |  715.3 |
               +--------+--------+--------+--------+--------+-----+--------+

Top non-repeatable levels by time:
     D:1: 1075 daAuts
     D:2: 1019 daAuts
     D:3: 51 daAuts
